 Dungeon Crawl Stone Soup version 0.27-a0-951-gae3e1deef5 (console) character file.

Game seed: 13153176361090355060

84 simm the Skirmisher (level 4, -1/40 HPs)
             Began as a Djinni Wanderer on Apr 11, 2021.
             Was an Initiate of Makhleb.
             Slain by a water moccasin skeleton (3 damage)
             ... on level 4 of the Dungeon.
             The game lasted 00:05:20 (1790 turns).

simm the Skirmisher (Djinni Wanderer)               Turns: 1790, Time: 00:05:21

Health: -1/40      AC:  2    Str: 10    XL:     4   Next: 45%
Gold:   41         EV: 11    Int: 15    God:    Makhleb [......] SH:  0 Dex: 13

rFire    + + .     SeeInvis .   a - +2 spear
rCold    x . .     Faith    .   (no shield)
rNeg     . . .     Spirit   .   d - +0 robe
rPois    ∞         Reflect  .   (no helmet)
rElec    .         Harm     .   (no cloak)
rCorr    .         Rampage  .   (no gloves)
Will     .....                  (boots unavailable)
Stlth    ++........             (no amulet)
HPRegen  0.13/turn              (no ring)
MPRegen  0.00/turn              (no ring)

@: flying
A: fire resistance 2, cold vulnerability 1, float, innate caster, hp casting,
extra vitality 1
a: Renounce Religion


You were on level 4 of the Dungeon.
You worshipped Makhleb.
Makhleb was noncommittal.
You visited 1 branch of the dungeon, and saw 4 of its levels.

You collected 41 gold pieces.

Inventory:

Hand Weapons
 a - a +2 spear (weapon)
Missiles
 e - 3 boomerangs of dispersal (quivered) {!f}
 g - 19 stones
Armour
 d - a +0 robe (worn)
Scrolls
 b - a scroll of teleportation {@r4}
 f - a scroll of immolation {!r}
Potions
 c - a potion of lignification {!q}


   Skills:
 - Level 6.9 Fighting
 - Level 1.1 Dodging
 - Level 1.0 Stealth
 - Level 1.0 Shields
 + Level 1.7 Spellcasting
 - Level 1.0 Evocations


You had 5 spell levels left.
You knew the following spells:

 Your Spells              Type           Power      Damage    Failure   Level
a - Animate Skeleton      Necr           12%        N/A       12%         1
Your spell library was empty.

Dungeon Overview and Level Annotations

Branches:
Dungeon (4/15)
 Temple: D:4-7

Altars:
Makhleb

Annotations:
D:1 1 runed translucent door
D:4 Eustachio


Innate Abilities, Weirdness & Mutations

You are immune to poison.
Your flesh is very heat resistant. (rF++)
You are vulnerable to cold. (rC-)
You float through the air rather than walking.
You learn spells naturally, not from books.
Your magical power is your life essence.
You have superior vitality. (+4 HP)


Message History

You hit the water moccasin skeleton.
The water moccasin skeleton is heavily damaged.
The water moccasin skeleton closely misses you.
You barely miss the water moccasin skeleton.
The water moccasin skeleton is heavily damaged.
The water moccasin skeleton bites you.
You closely miss the water moccasin skeleton.
The water moccasin skeleton is heavily damaged.
The water moccasin skeleton barely misses you.
The water moccasin skeleton bites you.
You are too injured to fight recklessly!
You are too injured to fight recklessly!
You are too injured to fight recklessly!
You are too injured to fight recklessly!
You hit the water moccasin skeleton.
The water moccasin skeleton is heavily damaged.
The water moccasin skeleton barely misses you.
You hit the water moccasin skeleton but do no damage.
The water moccasin skeleton is heavily damaged.
The water moccasin skeleton bites you.
You hit the water moccasin skeleton.
The water moccasin skeleton is heavily damaged.
The water moccasin skeleton barely misses you.
The water moccasin skeleton closely misses you.
You hit the water moccasin skeleton.
The water moccasin skeleton is severely damaged.
The water moccasin skeleton bites you.
You closely miss the water moccasin skeleton.
The water moccasin skeleton is severely damaged.
The water moccasin skeleton barely misses you.
You hit the water moccasin skeleton.
The water moccasin skeleton is almost destroyed.
The water moccasin skeleton bites you.
* * * LOW HITPOINT WARNING * * *
The water moccasin skeleton bites you.
* * * LOW HITPOINT WARNING * * *
You hit the water moccasin skeleton.
The water moccasin skeleton is almost destroyed.
The water moccasin skeleton bites you.
You die...

..........[.#
............# .#
...####.#######.##
..K #..# .....# .
##.## ...).# #..#
.....# ##.# .....#
######.##[....#
.........@Z....#
########.#......#
#.........
##..#...## ..#...#
..# ..# ..# .# ..#
.# #.#


You could see a water moccasin skeleton.

Vanquished Creatures
  A hound (D:4)
  2 adders (D:4)
  A worm (D:2)
  4 orcs
  3 ball pythons
  2 endoplasms (D:4)
  A goblin (D:2)
  2 hobgoblins
  2 jackals (D:3)
  2 quokkas (D:4)
  2 frilled lizards (D:2)
  3 kobolds
  3 rats
28 creatures vanquished.

Vanquished Creatures (collateral kills)
  An endoplasm (D:2)
1 creature vanquished.

Grand Total: 29 creatures vanquished

Notes
Turn   | Place    | Note
-------+----------+-------------------------------------------
     0 | D:1      | simm the Djinni Wanderer began the quest for the Orb.
     0 | D:1      | Reached XP level 1. HP: 23/23 MP: 0/0
     1 | D:1      | Found a runed translucent door.
    16 | D:1      | You are sucked into a shaft and drop 1 floor!
   180 | D:2      | Reached XP level 2. HP: 22/29 MP: 0/0
   330 | D:2      | You are sucked into a shaft and drop 2 floors!
   376 | D:4      | Found a burning altar of Makhleb.
   392 | D:4      | Reached XP level 3. HP: 7/35 MP: 0/0
   392 | D:4      | Learned a level 1 spell: Animate Skeleton
   644 | D:4      | Became a worshipper of Makhleb the Destroyer
   707 | D:4      | Noticed Eustachio
   762 | D:4      | Reached skill level 1 in Spellcasting
   762 | D:4      | Reached XP level 4. HP: 34/40 MP: 0/0
  1428 | D:3      | You are sucked into a shaft and drop 1 floor!
  1474 | D:4      | HP: 2/40 [kobold/+0 short sword (4)]
  1789 | D:4      | HP: 2/40 [water moccasin skeleton (4)]
  1790 | D:4      | Slain by a water moccasin skeleton

Illustrated notes

Levels and vault maps discovered:
D:1:      dpeg_arrival_caged_fury, layout_loops_corners,
          shapermc_ecumenical_altar_gd
D:2:      layout_basic
D:3:      layout_loops_ring, bloody_trog, gup_sewer_entry_bubbles
D:4:      layout_basic, lemuel_doored_altar, makhleb_blood_cavern_becter,
          minmay_small_thing, uniq_eustachio

Skill      XL: |  1  2  3 |
---------------+----------+-----
Spellcasting   | 1 |  1.7
Fighting       | |  6.9
Dodging        | |  1.1
Stealth        | |  1.0
Shields        | |  1.0
Evocations     | |  1.0

Action                   |  1- 3 |  4- 6 || total
-------------------------+-------+-------++-------
Melee: Spear             |    64 |    84 ||   148
 Cast: Animate Skeleton  |     4 |     8 ||    12
  Use: Scroll            |       |     3 ||     3
 Stab: Distracted        |       |     1 ||     1
Armor: Robe              |     9 |    11 ||    20
Dodge: Dodged            |    25 |    49 ||    74

Table legend: (Time is in decaauts)
 A = Elapsed time spent in this place.
 B = Non-inter-level travel time spent in this place.
 C = Inter-level travel time spent in this place.
 D = Time resting spent in this place.
 E = Time spent auto-exploring this place.
 F = Levels seen in this place.
 G = Mean time per level.
                   A        B        C        D        E       F      G
               +--------+--------+--------+--------+--------+-----+--------+
         Total |   1805 |   1805 |      0 |    796 |      0 |   4 |  451.2 |
       Dungeon |   1805 |   1805 |      0 |    796 |      0 |   4 |  451.2 |
               +--------+--------+--------+--------+--------+-----+--------+

Top non-repeatable levels by time:
     D:4: 894 daAuts
     D:2: 616 daAuts
     D:3: 278 daAuts
     D:1: 16 daAuts
